 Dungeon Crawl Stone Soup version 0.27-a0-1046-g98bf31544f (webtiles) character file.

Game seed: 1582282105545416846

102 spiderkeys the Chopper (level 4, -5/40 HPs)
             Began as a Hill Orc Abyssal Knight on Apr 19, 2021.
             Was a Believer of Lugonu.
             Slain by a water moccasin (6 damage)
             ... in a sewer.
             The game lasted 00:04:17 (2510 turns).

spiderkeys the Chopper (Hill Orc Abyssal Knight)    Turns: 2510, Time: 00:04:18

Health: -5/40      AC: 10    Str: 15    XL:     4   Next: 78%
Magic:  6/6        EV:  6    Int: 12    God:    Lugonu [**....]
Gold:   98         SH:  0    Dex: 10    Spells: 3/3 levels left

rFire    . . .     SeeInvis .   a - +1 hand axe (vorpal)
rCold    + . .     Faith    .   (no shield)
rNeg     . . .     Spirit   .   e - +0 chain mail {rC+}
rPois    .         Reflect  .   (no helmet)
rElec    .         Harm     .   g - +0 cloak
rCorr    .         Rampage  .   (no gloves)
Will     .....                  (no boots)
Stlth    ..........             (no amulet)
HPRegen  0.13/turn              (no ring)
MPRegen  0.10/turn              (no ring)

@: lethally poisoned (-5 -> -15), flying, studying Dodging
A: no striking features
a: Renounce Religion, Depart the Abyss, Bend Space


You were in a sewer.
You worshipped Lugonu.
Lugonu was pleased with you.
You visited 1 branch of the dungeon, and saw 3 of its levels.
You visited the Abyss 1 time.
You also visited: Sewer.

You collected 98 gold pieces.


   Skills:
 + Level 4.3 Fighting
 * Level 4.3 Axes
 + Level 3.0 Armour
 + Level 1.3 Dodging
 + Level 3.4 Invocations


You had 3 spell levels left.
You didn't know any spells.
Your spell library contained the following spells:

 Spells                   Type           Power      Damage    Failure   Level
 Animate Skeleton         Necr           0%         N/A       100%        1
 Apportation              Tloc           0%         N/A       100%        1
 Corona                   Hex            0%         N/A       100%        1
 Summon Small Mammal      Summ           0%         N/A       100%        1

Inventory:

Hand Weapons
 a - a +1 vorpal hand axe (weapon)
Missiles
 c - 28 arrows
 d - 8 javelins
 f - 54 stones
 h - 20 sling bullets
 p - 6 poisoned darts
Armour
 e - a +0 chain mail of cold resistance (worn)
   (You found it on level 3 of the Abyss)
 g - a +0 cloak (worn)
   (You found it on level 1 of the Dungeon)
 l - a scarf of resistance
   (You found it on level 1 of the Dungeon)
Scrolls
 b - 3 scrolls of teleportation {@r4}
 j - 2 scrolls of vulnerability {!r!r}
 k - a scroll of identify {@r1}
Potions
 i - a potion of might
 m - a potion of ambrosia

Dungeon Overview and Level Annotations

Branches:
Dungeon (3/15)              Sewer (1/1)

Altars:
Ru

#### ## ## ....##
#!$ ###.. ..≈..###
!.##... #≈.≈≈.###
###....≈ #...≈.##
#.≈.≈.≈## ##......
#.≈..≈###
###.≈...##
#S@.≈.####.≈.≈.###
###..≈.≈...≈.###
###......###
########


You could see a water moccasin.


Message History

The water moccasin hisses angrily.
The water moccasin bites you but does no damage.
You completely miss the water moccasin. The water moccasin barely misses you.
The water moccasin bites you but does no damage.
You hit the water moccasin. The water moccasin bites you. 😕 HP[-5]
You take 5 damage, and now have 35/40 hp.
You hit the water moccasin.
The water moccasin bites you but does no damage. x2
You miss the water moccasin.
The water moccasin bites you but does no damage.
You hit the water moccasin but do no damage.
The water moccasin bites you but does no damage.
The water moccasin bites you. 😮 HP[-5]
You take 5 damage, and now have 30/40 hp.
You are too injured to fight recklessly!
You are too injured to fight recklessly!
You are too injured to fight recklessly!
You are too injured to fight recklessly!
You are too injured to fight recklessly!
You are too injured to fight recklessly!
You completely miss the water moccasin. The water moccasin bites you. 😮 HP[-4]
You take 4 damage, and now have 26/40 hp.
Your chain mail prevents you from hitting the water moccasin.
The water moccasin bites you but does no damage.
The water moccasin bites you.
You are poisoned.
The water moccasin poisons you! 😮 HP[-4]
You take 4 damage, and now have 22/40 hp.
You miss the water moccasin.
* * * LOW HITPOINT WARNING * * *
You feel very sick. The water moccasin bites you.
* * * LOW HITPOINT WARNING * * *
😨 HP[-9]
You take 9 damage, and now have 13/40 hp.
MASSIVE DAMAGE!! (PAUSE) It was a potion of heal wounds.
You feel much better.
You feel very sick.
The water moccasin bites you but does no damage.
The water moccasin bites you. 😮 HP[+9]
You regained 9 hp, and now have 22/40 hp.
You miss the water moccasin.
You feel sick. The water moccasin bites you.
* * * LOW HITPOINT WARNING * * *
You are lethally poisoned!
The water moccasin poisons you! 😨 HP[-7]
You take 7 damage, and now have 15/40 hp.
It was a potion of flight.
You feel very buoyant.
You fly up into the air.
* * * LOW HITPOINT WARNING * * *
You feel very sick. The water moccasin bites you.
* * * LOW HITPOINT WARNING * * *
The water moccasin bites you.
* * * LOW HITPOINT WARNING * * *
😱 HP[-8]
You take 8 damage, and now have 7/40 hp.
You feel much better.
You feel very sick. The water moccasin bites you!
You are lethally poisoned!
The water moccasin poisons you! 😮 HP[+17]
You regained 17 hp, and now have 24/40 hp.
Okay, then.
Okay, then.
You barely miss the water moccasin.
* * * LOW HITPOINT WARNING * * *
You feel extremely sick. The water moccasin bites you.
* * * LOW HITPOINT WARNING * * *
The water moccasin bites you but does no damage. 😨 HP[-8]
You take 8 damage, and now have 16/40 hp.
You closely miss the water moccasin.
* * * LOW HITPOINT WARNING * * *
You feel very sick.
The water moccasin completely misses you. 😨 HP[-5]
You take 5 damage, and now have 11/40 hp.
Unknown command.
You miss the water moccasin.
* * * LOW HITPOINT WARNING * * *
You feel very sick. The water moccasin bites you.
* * * LOW HITPOINT WARNING * * *
The water moccasin barely misses you. 😱 HP[-7]
You take 7 damage, and now have 4/40 hp.
You closely miss the water moccasin.
* * * LOW HITPOINT WARNING * * *
You feel very sick. The water moccasin bites you.
You die...

Skill      XL: |  1  2  3  4 |
---------------+-------------+-----
Axes           | 3 4 |  4.3
Dodging        | 1 |  1.3
Fighting       | 4 |  4.3
Invocations    | 3 |  3.4
Armour         | 3 |  3.0

Action                   |  1- 3 |  4- 6 || total
-------------------------+-------+-------++-------
Melee: Hand axe          |    96 |    83 ||   179
Invok: Depart the Abyss  |     1 |       ||     1
  Use: Scroll            |     6 |     2 ||     8
       Potion            |       |     3 ||     3
Armor: Chain mail        |    74 |    53 ||   127
Dodge: Dodged            |    37 |    25 ||    62

Levels and vault maps discovered:
D:1:      amcnicky_arrival_feature_with_door, layout_loops_cross,
          serial_bayou_lake_a
D:2:      layout_loops_ring, basic_altar
D:3:      layout_basic, dk_yredelemnul_ordeal, lemuel_blue_sif_altar,
          amcnicky_altar_gilded, serial_shops, shop, gup_sewer_entry_pipe,
          ebering_ecumenical_altar_box, feat_on_display
Sewer:    sewer_the_moccasin

Notes
Turn   | Place    | Note
-------+----------+-------------------------------------------
     0 | Abyss:1  | spiderkeys the Hill Orc Abyssal Knight began the quest for
                  | the Orb.
     0 | Abyss:1  | Reached XP level 1. HP: 19/19 MP: 2/2
     0 | Abyss:1  | magus.rc [v1.9.10]
   193 | Abyss:3  | Found a corrupted altar of Lugonu.
   206 | Abyss:3  | Noticed a thrashing horror
   206 | Abyss:3  | Noticed an ancient zyme
   207 | D:1      | You pass through the gate.
   207 | D:1      | Escaped the Abyss
   593 | D:1      | Reached skill level 3 in Axes
   593 | D:1      | Reached skill level 1 in Dodging
   600 | D:1      | Reached XP level 2. HP: 27/27 MP: 3/3
   752 | D:1      | Reached * piety under Lugonu
  1193 | D:2      | Reached skill level 4 in Fighting
  1193 | D:2      | Reached XP level 3. HP: 33/33 MP: 5/5
  1195 | D:2      | Reached skill level 3 in Invocations
  1446 | D:2      | Reached skill level 4 in Axes
  1446 | D:2      | Reached XP level 4. HP: 35/40 MP: 6/6
  1712 | D:2      | Found a sacrificial altar of Ru.
  1766 | D:2      | Reached skill level 3 in Armour
  2140 | D:3      | You pick up a book of Cantrips and begin reading...
  2140 | D:3      | You add the spells Corona, Animate Skeleton, Summon Small
                  | Mammal and Apportation to your library.
  2169 | D:3      | Found a glowing drain.
  2172 | D:3      | Reached ** piety under Lugonu
  2192 | Sewer    | Entered a sewer
  2492 | Sewer    | Noticed a water moccasin
  2505 | Sewer    | HP: 10/40 [water moccasin (1)]
  2509 | Sewer    | HP: 4/40 [water moccasin (4)]
  2510 | Sewer    | HP: 1/40 [poisoned by a water moccasin]
  2510 | Sewer    | Slain by a water moccasin

Vanquished Creatures
  4 adders (D:2)
  2 dart slugs (D:2)
  3 endoplasms
  3 giant cockroaches
  3 goblins
  6 hobgoblins
  9 jackals
  6 kobolds
  9 quokkas
  2 ball pythons (D:2)
  A bat (D:1)
  A frilled lizard (D:1)
  5 rats (D:1)
54 creatures vanquished.

Vanquished Creatures (others)
  A plant (D:1)
1 creature vanquished.

Grand Total: 55 creatures vanquished

Table legend:
 A = Non-vault XP
 B = Vault XP
 C = Vault XP percentage of total XP
 D = Non-vault monster count
 E = Vault monster count
 F = Vault count percentage of total count
                 A         B        C        D         E       F
            +---------+---------+-------+---------+---------+-------
      Total |     125 |      22 |  15.0 |      42 |      12 |  22.2
            +---------+---------+-------+---------+---------+-------
        D:1 |      27 |       0 |   0.0 |      17 |       0 |   0.0
        D:2 |      96 |       0 |   0.0 |      24 |       0 |   0.0
        D:3 |       2 |      14 |  87.5 |       1 |       7 |  87.5
      Sewer |       0 |       8 | 100.0 |       0 |       5 | 100.0
            +---------+---------+-------+---------+---------+-------

Illustrated notes

Table legend:
 A = Kills in this place as a percentage of kills in entire the game.
 B = Kills by you in this place as a percentage of kills by you in the entire game.
 C = Kills by friends in this place as a percentage of kills by friends in the entire game.
 D = Other kills in this place as a percentage of other kills in the entire game.
 E = Experience gained in this place as a percentage of experience gained in the entire game.
 F = Experience gained in this place divided by the number of levels of this place that you have seen.
                   A       B       C       D       E      F
               +-------+-------+-------+-------+-------+----------------------
         Total | 100.0 | 100.0 |   N/A |   N/A | 100.0 |  21.0
       Dungeon |  90.7 |  90.7 |   N/A |   N/A |  94.6 |  46.3
         Sewer |   9.3 |   9.3 |   N/A |   N/A |   5.4 |   8.0
               +-------+-------+-------+-------+-------+----------------------

Table legend: (Time is in decaauts)
 A = Elapsed time spent in this place.
 B = Non-inter-level travel time spent in this place.
 C = Inter-level travel time spent in this place.
 D = Time resting spent in this place.
 E = Time spent auto-exploring this place.
 F = Levels seen in this place.
 G = Mean time per level.
                   A        B        C        D        E       F      G
               +--------+--------+--------+--------+--------+-----+--------+
         Total |   2562 |   2456 |    106 |    209 |   1731 |   7 |  366.0 |
       Dungeon |   2031 |   1925 |    106 |      0 |   1561 |   3 |  677.0 |
         Abyss |    206 |    206 |      0 |      0 |     94 |   3 |   68.7 |
         Sewer |    323 |    323 |      0 |    209 |     75 |   1 |  323.0 |
               +--------+--------+--------+--------+--------+-----+--------+

Top non-repeatable levels by time:
     D:1: 1002 daAuts
     D:2: 897 daAuts
   Sewer: 323 daAuts
 Abyss:1: 160 daAuts
     D:3: 131 daAuts
 Abyss:2: 32 daAuts
 Abyss:3: 13 daAuts
